 Dungeon Crawl Stone Soup version 0.30-a0-626-gd6a5dd7a1f (webtiles) character file.

Game seed: 13552420964451190205

1015 testman the Ruffian (level 8, -1/71 HPs)
             Began as a Ghoul Monk on Jan 11, 2023.
             Was an Elder of Lugonu.
             Slain by an orc warrior
             ... wielding a +0 battleaxe
              (18 damage)
             ... on level 6 of the Dungeon.
             The game lasted 00:15:04 (5195 turns).

testman the Ruffian (Ghoul Monk)                    Turns: 5195, Time: 00:15:04

Health: -1/71      AC:  4    Str: 17    XL:     8   Next: 21%
Magic:  10/10      EV: 12    Int:  5    God:    Lugonu [****..]
Gold:   141        SH:  0    Dex: 11    Spells: 5/7 levels left

rFire   + . .      SeeInvis .      - Unarmed
rCold   + . .      Faith    .    (no shield)
rNeg    + + +      Spirit   .    x - +0 leather armour
rPois   ∞          Reflect  .    g - +0 helmet of Parlour Games {rF+}
rElec   .          Harm     .    f - scarf {shadows}
rCorr   +          Rampage  .    (no gloves)
Will    .....                    (no boots)
Stlth   ++                       (no amulet)
HPRegen 0.00/turn                q - ring of resist corrosion
MPRegen 0.12/turn                (no ring)

@: inhibited regen
A: claws 1, cold resistance 1, negative energy resistance 3, inhibited
regeneration, torment resistance 2, devour on kill
a: Renounce Religion, Depart the Abyss, Banish, Corrupt


You were on level 6 of the Dungeon.
You worshipped Lugonu.
Lugonu was greatly pleased with you.
You visited 1 branch of the dungeon, and saw 6 of its levels.
You also visited: Ossuary.

You collected 141 gold pieces.

Inventory:

Missiles
 i - 2 poisoned darts (quivered)
Armour
 a - a +0 robe
 f - a scarf of shadows (worn)
 g - the +0 helmet of Parlour Games (worn) {rF+}
   (You acquired it on level 4 of the Dungeon)

   rF:        It protects you from fire.
 x - a +0 leather armour (worn)
Jewellery
 d - a ring of fire
 q - a ring of resist corrosion (left claw)
Wands
 m - a wand of polymorph (13)
 w - a wand of charming (8)
Scrolls
 c - 4 scrolls of teleportation
 k - a scroll of fog
 l - 2 scrolls of enchant armour
 n - a scroll of fear
 t - a scroll of vulnerability
 u - 2 scrolls of immolation {unknown}
 v - a scroll of brand weapon {unknown}
 z - a scroll of enchant weapon
Potions
 b - a potion of ambrosia
 e - 3 potions of haste
 h - 4 potions of curing
 j - 2 potions of heal wounds
 o - a potion of magic {unknown}
 p - a potion of lignification {unknown}
 r - 2 potions of invisibility
 s - 2 potions of attraction


   Skills:
 + Level 6.6 Fighting
 - Level 2.6 Dodging
 - Level 2.1 Stealth
 + Level 6.6 Unarmed Combat
 + Level 2.4 Translocations
 + Level 4.7 Invocations


You had 5 spell levels left.
You knew the following spells:

 Your Spells              Type           Power      Damage    Failure   Level
a - Blink                 Tloc           4%         N/A       36%         2

Your spell library contained the following spells:

 Spells                   Type           Power      Damage    Failure   Level
 Momentum Strike          Conj/Tloc      2%         3d8       52%         2
 Shock                    Conj/Air       0%         1d3       54%         1
 Lesser Beckoning         Tloc           4%         N/A       58%         3
 Swiftness                Air            0%         N/A       89%         3
 Airstrike                Air            0%         2d(0-16)  100%        4


Dungeon Overview and Level Annotations

Branches:
Dungeon (6/15)            Ossuary (visited)
 Temple: D:4-7

Altars:
Kikubaaqudgha
Lugonu

Shops:
D:2 [


Innate Abilities, Weirdness & Mutations

You are immune to poison.
You have sharp fingernails.
Your flesh is cold resistant. (rC+)
You are immune to negative energy. (rN+++)
You do not regenerate when monsters are visible.
You are immune to unholy pain and torment.
You thrive by killing the living.


Message History

An orc warrior and an orc come into view.
Found 4 stones.
The orc shouts! x2; The orc warrior shouts!
The orc wizard closely misses you.
The orc shouts!
You closely miss the orc wizard. You claw the orc wizard.
The orc wizard is moderately wounded.
The orc wizard casts a spell.
The orc wizard flickers and vanishes!
Deactivating autopickup; reactivate with Ctrl-A.
You miss something. Something hits you.
You scratch the orc but do no damage. Something hits you.
The orc hits you with a +0 club.
You miss something. Something hits you.
You miss something.
You hear some strange, mumbled words.
A magic dart appears from out of thin air!
The magic dart hits you! The orc barely misses you.
You scratch something. The orc misses you. The orc barely misses you.
Something hits you. The orc warrior misses you.
You scratch something. The orc closely misses you. Something hits you.
The orc barely misses you. The orc closely misses you.
The orc warrior hits you with a +0 battleaxe!!
You claw something! Lugonu accepts your kill.
Reactivating autopickup.
You feel a bit more experienced.
Okay, then.
The orc closely misses you. The orc hits you with a +0 club.
The orc attacks as you move away! The orc hits you with a +0 club.
The orc attacks as you move away! The orc hits you with a +0 club.
* * * LOW HITPOINT WARNING * * *
The orc warrior attacks as you move away!
The orc warrior barely misses you. The orc attacks as you move away!
The orc hits you but does no damage. The orc attacks as you move away!
The orc hits you with a +0 club.
* * * LOW HITPOINT WARNING * * *
The orc warrior attacks as you move away!
The orc warrior hits you with a +0 battleaxe!!
You die...

######## ...#
#......##........
...##########......#.........
...##...^..##...>..#.........
...#...............##.......#
...##..............##........
...##............o.(.........
...##......##...@oo....).....
..)##......##....o.....$.....
......)....##......##.......#
.....))....######+###.......#
...##............. .........
...##............. ..........
.................. (........#
...........#######
...##......#


You could see an orc warrior and 3 orcs.

Vanquished Creatures
  A black bear (D:5)
  An ice beast (D:6)
  A phantom (D:5)
  2 necrophages (D:5)
  3 water moccasin zombies (Ossuary)
  3 hounds
  Terence (D:2)
  3 iguanas
  2 orc wizards (D:6)
  2 mummies (Ossuary)
  Robin (D:4)
  6 adders
  3 adder zombies (Ossuary)
  2 dart slugs
  8 orcs
  7 bats
  6 endoplasms
  5 giant cockroaches
  5 gnoll zombies (Ossuary)
  17 goblins
  8 hobgoblins
  A jackal (D:2)
  7 quokkas
  7 ball pythons
  7 frilled lizards
  5 hobgoblin zombies (Ossuary)
  4 kobolds
  4 kobold zombies (Ossuary)
  5 orc zombies (Ossuary)
  2 rats
129 creatures vanquished.

Vanquished Creatures (others)
  A human (D:3)
1 creature vanquished.

Grand Total: 130 creatures vanquished

Notes
Turn   | Place    | Note
-------+----------+-------------------------------------------
     0 | D:1      | testman the Ghoul Monk began the quest for the Orb.
     0 | D:1      | Reached XP level 1. HP: 19/19 MP: 0/0
   282 | D:1      | Reached XP level 2. HP: 26/26 MP: 1/1
   623 | D:1      | Reached XP level 3. HP: 31/33 MP: 2/2
   746 | D:1      | Found a faded altar of an unknown god.
   754 | D:1      | Prayed at the altar of an unknown god.
   754 | D:1      | Became a worshipper of Lugonu the Unformed
   754 | D:1      | Reached * piety under Lugonu
   754 | D:1      | Reached ** piety under Lugonu
  1186 | D:2      | Reached *** piety under Lugonu
  1208 | D:2      | Found Hamnif's Armour Shoppe.
  1423 | D:2      | Learned a level 2 spell: Blink
  1512 | D:2      | Reached XP level 4. HP: 37/41 MP: 3/3
  1800 | D:2      | Noticed Terence
  1805 | D:2      | Killed Terence
  1806 | D:2      | Reached skill level 1 in Invocations
  2616 | D:3      | Reached XP level 5. HP: 47/47 MP: 3/5
  2715 | D:3      | Found an ancient bone altar of Kikubaaqudgha.
  2722 | D:3      | Noticed a human
  2724 | D:3      | Killed a human
  2958 | D:4      | Identified a scroll of acquirement
  2967 | D:4      | Acquired the +0 helmet of Parlour Games {rF+}
  3142 | D:4      | Reached skill level 5 in Unarmed Combat
  3165 | D:4      | Found a sand-covered staircase.
  3176 | D:4      | Reached skill level 5 in Fighting
  3182 | Ossuary  | Entered an ossuary
  3323 | Ossuary  | Reached XP level 6. HP: 20/56 MP: 6/6
  3498 | Ossuary  | Reached **** piety under Lugonu
  3739 | D:4      | Noticed Robin
  3766 | D:4      | Killed Robin
  3841 | D:4      | You fall into a shaft and drop 1 floor!
  3841 | D:5      | Entered Level 5 of the Dungeon
  3895 | D:5      | Learned a level 2 spell: Blink
  3953 | D:5      | Reached XP level 7. HP: 23/62 MP: 8/8
  4348 | D:5      | Reached skill level 1 in Translocations
  4778 | D:5      | Reached XP level 8. HP: 43/71 MP: 10/10
  5195 | D:6      | Slain by an orc warrior

Illustrated notes

Levels and vault maps discovered:
D:1:      kilobyte_arrival_exit_the_forest, layout_basic,
          shapermc_ecumenical_altar_totnotflames
D:2:      layout_loops_ring, serial_shops, nicolae_shop_advertising_works
          [nicolae_subvault_shop_adworks], grunt_ministairs_2,
          minmay_split_cup_small, uniq_terence
D:3:      layout_basic, tgw_kikubaaqudgha
D:4:      minmay_chambers_of_fours, layout_basic,
          mainiacjoe_overflow_cross_hatched,
          lightli_ossuary_entry_decrepit_ruins, serial_shops,
          nicolae_shop_crystal, uniq_robin
D:5:      nicolae_cairo_tiling_very_big, layout_loops_ring,
          minmay_misc_feat_square
D:6:      layout_gridville, lemuel_round_altar,
          minmay_temple_entry_statues_fountains

Skill      XL: |  1  2  3  4  5  6  7 |
---------------+----------------------+-----
Fighting       | 4 5 6 |  6.6
Unarmed Combat | 4 5 6 |  6.6
Invocations    | 1 2 3 4 |  4.7
Translocations | 2 |  2.4
Dodging        | |  2.6
Stealth        | |  2.1

Action                   |  1- 3 |  4- 6 |  7- 9 || total
-------------------------+-------+-------+-------++-------
Melee: Unarmed           |   143 |   265 |    91 ||   499
       Punch             |     3 |    10 |     4 ||    17
Throw: Dart              |       |     1 |       ||     1
  Use: Scroll            |       |    10 |     2 ||    12
 Stab: Sleeping          |     3 |     5 |     1 ||     9
Armor: Robe              |    32 |    34 |     2 ||    68
       Leather armour    |       |       |    15 ||    15
Dodge: Dodged            |    78 |   132 |    50 ||   260

Table legend: (Time is in decaauts)
 A = Elapsed time spent in this place.
 B = Non-inter-level travel time spent in this place.
 C = Inter-level travel time spent in this place.
 D = Time resting spent in this place.
 E = Time spent auto-exploring this place.
 F = Levels seen in this place.
 G = Mean time per level.
                   A        B        C        D        E       F      G
               +--------+--------+--------+--------+--------+-----+--------+
         Total |   5153 |   5071 |     82 |    299 |   3686 |   7 |  736.1 |
       Dungeon |   4624 |   4542 |     82 |      0 |   3646 |   6 |  770.7 |
       Ossuary |    529 |    529 |      0 |    299 |     40 |   1 |  529.0 |
               +--------+--------+--------+--------+--------+-----+--------+

Top non-repeatable levels by time:
     D:1: 1149 daAuts
     D:5: 1079 daAuts
     D:3: 973 daAuts
     D:2: 822 daAuts
 Ossuary: 529 daAuts
     D:4: 336 daAuts
     D:6: 262 daAuts
